[Event "Titled Tuesday Blitz July 11 Early 2023"]
[White "Chigaev, Maksim"]
[Black "Perez Candelario, Manuel"]
[WhiteFideId "4108116"]
[BlackFideId "2210622"]
[WhiteElo "2939"]
[BlackElo "2651"]
[Result "0-1"]
[Round "3"]
[TimeControl "180+2"]
[Date "2023.07.11"]
[WhiteClock "0:00:06"]
[BlackClock "0:00:13"]
[Board "14"]

1. e4 c5 2. b3 d6 3. Bb2 e5 4. Bc4 Nf6 5. d3 Be7 6. Ne2 O-O 7. O-O Nc6 8. Nbc3 a6 9. a4 Nd4 10. f4 Bg4 11. h3 Bxe2 12. Nxe2 Rb8 13. a5 Nd7 14. fxe5 Nxe2+ 15. Qxe2 Nxe5 16. Bxe5 dxe5 17. Kh1 g6 18. Rxf7 Rxf7 19. Rf1 Bf6 20. g4 h6 21. h4 g5 22. Qf3 Kg7 23. Bxf7 Kxf7 24. Qf5 Qe7 25. Qh7+ Ke6 26. Qf5+ Kf7 27. h5 Rf8 28. Qg6+ Ke6 29. Qxh6 Kd7 30. Qg6 Bg7 31. Rf5 Rxf5 32. Qxf5+ Kd6 33. Kg2 Kc7 34. Kg3 Qf6 35. Kh3 Qxf5 36. gxf5 Kd6 37. Kg4 Bh6 38. c3 Ke7 39. b4 cxb4 40. cxb4 Kf6 41. Kf3 Bf8 42. Kg4 Bxb4 43. h6 Bxa5 44. Kh5 Bb4 45. d4 Bd6 46. d5 a5 47. h7 Kg7 48. Kxg5 a4 49. h8=Q+ Kxh8 50. Kf6 a3 51. Ke6 Bb4 52. d6 a2 53. d7 Ba5 54. f6 a1=Q 55. f7 Qa2+ 56. Kf6 Qa3 0-1


[Site "https://www.chess.com"]

[Event "Titled Tuesday Blitz July 11 Early 2023"]
[White "Aravindh, Chithambaram VR."]
[Black "Katz, Alexander"]
[WhiteFideId "5072786"]
[BlackFideId "2039796"]
[WhiteElo "2928"]
[BlackElo "2644"]
[Result "1-0"]
[Round "3"]
[TimeControl "180+2"]
[Date "2023.07.11"]
[WhiteClock "0:00:14"]
[BlackClock "0:00:01"]
[Board "15"]

1. b3 Nf6 2. Bb2 d6 3. d4 g6 4. g3 Bg7 5. Bg2 O-O 6. e4 Nbd7 7. Ne2 c5 8. O-O e5 9. dxe5 dxe5 10. Nbc3 Qe7 11. a4 Rd8 12. Qc1 Nf8 13. Nd5 Nxd5 14. exd5 e4 15. Bxg7 Kxg7 16. c4 f5 17. a5 Nd7 18. Nf4 Ne5 19. Qc3 Qf6 20. Rac1 Bd7 21. Rfd1 Ng4 22. Qe1 Re8 23. h3 Ne5 24. b4 Nf3+ 25. Bxf3 exf3 26. Qd2 Re2 27. Nxe2 fxe2 28. Re1 cxb4 29. Qxb4 Re8 30. c5 f4 31. Qxf4 Qxf4 32. gxf4 Bxh3 33. a6 bxa6 34. d6 g5 35. c6 gxf4 36. d7 Re6 37. d8=Q Rg6+ 38. Kh2 Bf1 39. Qe7+ Kh6 40. Qh4+ Kg7 41. Rxf1 1-0


[Site "https://www.chess.com"]

[Event "Titled Tuesday Blitz July 11 Early 2023"]
[White "Arabidze, Meri"]
[Black "Narayanan, Srinath"]
[WhiteFideId "13604040"]
[BlackFideId "5018420"]
[WhiteElo "2644"]
[BlackElo "2927"]
[Result "0-1"]
[Round "3"]
[TimeControl "180+2"]
[Date "2023.07.11"]
[WhiteClock "0:00:09"]
[BlackClock "0:00:21"]
[Board "16"]

1. Nf3 d5 2. e3 Nf6 3. c4 e6 4. b3 c5 5. Bb2 Nc6 6. cxd5 exd5 7. Be2 d4 8. Bb5 dxe3 9. fxe3 Bd7 10. O-O Be7 11. Nh4 O-O 12. Nf5 Bxf5 13. Rxf5 Qd7 14. Qf3 Nd4 15. Bxd4 Qxb5 16. Bxf6 Bxf6 17. Rxf6 gxf6 18. Qxf6 Qb6 19. Qf2 f5 20. Nc3 Rad8 21. Rf1 Qd6 22. Rd1 f4 23. e4 Qd4 24. Qxd4 Rxd4 25. Nd5 Rxe4 26. Kf2 Rd4 27. Nc3 f3 28. gxf3 Rd3 29. Ke2 Rdxf3 30. Rg1+ Kh8 31. Ne4 b6 32. d3 R3f7 33. Rg5 Rf5 34. Rg2 Rg8 35. Ng3 h5 36. Rg1 Re5+ 0-1


[Site "https://www.chess.com"]

[Event "Titled Tuesday Blitz July 11 Early 2023"]
[White "Dronavalli, Harika"]
[Black "Shimanov, Aleksandr"]
[WhiteFideId "5015197"]
[BlackFideId "4198603"]
[WhiteElo "2643"]
[BlackElo "2918"]
[Result "1/2-1/2"]
[Round "3"]
[TimeControl "180+2"]
[Date "2023.07.11"]
[WhiteClock "0:00:14"]
[BlackClock "0:00:09"]
[Board "17"]

1. e4 c6 2. d4 d5 3. exd5 cxd5 4. c3 Nf6 5. Bf4 Nc6 6. Nf3 a6 7. Nbd2 Bf5 8. Be2 e6 9. O-O Be7 10. Re1 O-O 11. Nf1 b5 12. a3 Na5 13. Ng3 Bg6 14. Ne5 Nd7 15. Nxg6 hxg6 16. Bd3 Nc4 17. Re2 Rc8 18. Nf1 Bg5 19. Qc1 Bxf4 20. Qxf4 Nf6 21. Ng3 Qd6 22. Qg5 a5 23. h4 Qd8 24. Rae1 b4 25. axb4 axb4 26. cxb4 Rb8 27. b5 Nd6 28. Qe5 Ng4 29. Qf4 Nf6 30. Qe5 Nc4 31. Qg5 Nd7 32. Qg4 Nf6 33. Qf3 Nd6 34. h5 g5 35. Qe3 Ng4 36. Qd2 Nxb5 37. f3 Nh6 38. Bb1 Qb6 39. Rd1 Rbc8 40. Qd3 f5 41. Nf1 Rf6 42. Qe3 Nd6 43. Qxg5 f4 44. Kh1 Rc4 45. Rde1 Ndf7 46. Qh4 Rxd4 47. Qh3 e5 48. Bg6 Qd8 49. Qh4 Rd6 50. Qxd8+ Rxd8 51. Nd2 Rb4 52. Nb1 d4 53. Rd2 Rb6 54. Na3 Rc6 55. b3 Rc3 56. Nc4 Rxb3 57. Nxe5 Nxe5 58. Rxe5 Rb7 59. Rxd4 Rbb8 60. Rxd8+ Rxd8 61. Re4 Rf8 62. Kh2 Rf6 63. Kh3 Rf8 64. Kh4 Rf6 65. Re8+ Rf8 66. Rxf8+ Kxf8 67. Kg5 Ke7 68. Kxf4 Ng8 69. g4 Nf6 70. g5 Nd5+ 71. Ke5 Ne3 72. h6 gxh6 73. gxh6 Kf8 74. Kf6 Nd5+ 75. Ke5 Ne3 76. f4 Ng4+ 77. Ke6 Nxh6 78. f5 Ng4 79. f6 Nxf6 1/2-1/2


[Site "https://www.chess.com"]

[Event "Titled Tuesday Blitz July 11 Early 2023"]
[White "Suleymanli, Suleyman"]
[Black "Gordievsky, Dmitry"]
[WhiteFideId "13416375"]
[BlackFideId "24112798"]
[WhiteElo "2643"]
[BlackElo "2913"]
[Result "1-0"]
[Round "3"]
[TimeControl "180+2"]
[Date "2023.07.11"]
[WhiteClock "0:00:25"]
[BlackClock "0:00:06"]
[Board "18"]

1. Nf3 c5 2. g3 Nc6 3. c4 g6 4. Bg2 Bg7 5. Nc3 d6 6. O-O Bf5 7. d3 Qd7 8. e4 Bg4 9. h4 Nf6 10. Be3 Ne5 11. Nxe5 dxe5 12. f3 Bh3 13. Bxc5 Nh5 14. Bf2 Rd8 15. Nd5 Bxg2 16. Kxg2 e6 17. Nc3 a6 18. Qb3 Bf6 19. Rfd1 h6 20. Ne2 O-O 21. g4 Nf4+ 22. Nxf4 exf4 23. d4 Qe7 24. Kh3 Kh7 25. d5 exd5 26. cxd5 Be5 27. Rac1 Rd7 28. Bc5 Bd6 29. Qb4 Rfd8 30. Bxd6 Rxd6 31. Rc3 f5 32. Rdc1 R8d7 33. exf5 gxf5 34. Qxf4 fxg4+ 35. fxg4 Rf6 36. Qd4 Qf7 37. Qe4+ Kg7 38. d6 Rfxd6 39. Rf3 Qxa2 40. Qe5+ Kh7 41. Qf5+ Kg7 42. Qf8+ Kh7 43. Rc8 Qxb2 44. Qg8# 1-0


[Site "https://www.chess.com"]

[Event "Titled Tuesday Blitz July 11 Early 2023"]
[White "Koshulyan, Egor A."]
[Black "Tang, Andrew"]
[WhiteFideId "24237000"]
[BlackFideId "2059630"]
[WhiteElo "2641"]
[BlackElo "2910"]
[Result "0-1"]
[Round "3"]
[TimeControl "180+2"]
[Date "2023.07.11"]
[WhiteClock "0:01:15"]
[BlackClock "0:01:45"]
[Board "19"]

1. e4 e5 2. Nf3 Nc6 3. Bb5 g6 4. O-O Bg7 5. c3 a6 6. Ba4 b5 7. Bb3 Na5 8. Bc2 Ne7 9. d4 exd4 10. cxd4 O-O 11. Nc3 d6 12. Bg5 h6 13. Bh4 g5 14. Bg3 f5 15. exf5 Nxf5 16. Qd3 Nc4 17. b3 Na3 18. Bd1 g4 19. Nd2 Nxd4 20. f3 Bf5 21. Nce4 d5 22. fxg4 dxe4 23. Qe3 Nac2 0-1


[Site "https://www.chess.com"]

[Event "Titled Tuesday Blitz July 11 Early 2023"]
[White "Gholami Orimi, Mahdi"]
[Black "Djokic, Mihailo"]
[WhiteFideId "12558486"]
[BlackFideId "976440"]
[WhiteElo "2907"]
[BlackElo "2633"]
[Result "1-0"]
[Round "3"]
[TimeControl "180+2"]
[Date "2023.07.11"]
[WhiteClock "0:01:06"]
[BlackClock "0:00:00"]
[Board "20"]

1. Nf3 Nf6 2. c4 g6 3. d4 Bg7 4. g3 d6 5. Nc3 O-O 6. Bg2 Nc6 7. O-O a6 8. b3 Rb8 9. d5 Na5 10. Bd2 c5 11. Qe1 b5 12. Rc1 bxc4 13. Nd1 Nxb3 14. axb3 cxb3 15. e4 Bd7 16. Bc3 Bb5 17. Nb2 Bxf1 18. Bxf1 Qc8 19. Ra1 Qg4 20. Nd2 Bh6 21. Bg2 Ra8 22. Ra4 Qd7 23. Ndc4 Rfb8 24. e5 dxe5 25. Nxe5 Qe8 26. Nc6 Rb7 27. Qe5 Bg7 28. Qe3 Rc8 29. Rxa6 Rd7 30. Qxc5 h5 31. h3 Kh7 32. Qb5 e6 33. dxe6 Qxe6 34. Na7 Rd6 35. Rxd6 Qxd6 36. Nxc8 1-0


[Site "https://www.chess.com"]

[Event "Titled Tuesday Blitz July 11 Early 2023"]
[White "Stepanencu, Nicodim-Cosmin"]
[Black "Zhigalko, Sergei"]
[WhiteFideId "1256220"]
[BlackFideId "13502956"]
[WhiteElo "2633"]
[BlackElo "2892"]
[Result "0-1"]
[Round "3"]
[TimeControl "180+2"]
[Date "2023.07.11"]
[WhiteClock "0:00:08"]
[BlackClock "0:00:04"]
[Board "21"]

1. b3 e5 2. Bb2 e4 3. g3 Nf6 4. Bg2 d5 5. d3 e3 6. f4 Bc5 7. d4 Bd6 8. Nc3 O-O 9. Qd3 Ng4 10. Nh3 c6 11. O-O-O Qf6 12. Rdf1 Bf5 13. Qd1 Na6 14. Kb1 Nb4 15. Qc1 Nxc2 16. Ne4 Na3+ 17. Bxa3 Bxa3 18. Qxa3 Bxe4+ 19. Bxe4 dxe4 20. Qb4 Rfd8 21. Rd1 h6 22. Qxb7 a5 23. f5 a4 24. Rhf1 axb3 25. axb3 Rdb8 26. Qc7 Rxb3+ 27. Kc2 Rab8 28. Rb1 Qxd4 29. Qxb8+ Rxb8 30. Rxb8+ Kh7 31. Nf4 Ne5 32. Rd1 Qc5+ 33. Kb2 Nc4+ 34. Kb1 Nd2+ 35. Ka1 Qa3# 0-1


[Site "https://www.chess.com"]

[Event "Titled Tuesday Blitz July 11 Early 2023"]
[White "Turski, Bartlomiej"]
[Black "Wadsworth, Matthew J"]
[WhiteFideId "21810567"]
[BlackFideId "415804"]
[WhiteElo "2876"]
[BlackElo "2629"]
[Result "1-0"]
[Round "3"]
[TimeControl "180+2"]
[Date "2023.07.11"]
[WhiteClock "0:00:47"]
[BlackClock "0:00:10"]
[Board "22"]

1. e4 c5 2. Nf3 e6 3. d4 cxd4 4. Nxd4 Nc6 5. Nc3 Qc7 6. Be2 a6 7. O-O Nf6 8. Nxc6 bxc6 9. Be3 d5 10. exd5 cxd5 11. Na4 Rb8 12. Rc1 Bd6 13. h3 O-O 14. c4 dxc4 15. Bxc4 Qe7 16. Qe2 Bb7 17. Rfd1 Nd5 18. Bxd5 Bxd5 19. Nb6 Bxa2 20. Qxa6 Bb3 21. Rd3 Bd5 22. Nxd5 exd5 23. Rxd5 Be5 24. Bc5 Qg5 25. Rcd1 Rfe8 26. b4 Qf4 27. g3 Qf5 28. Re1 Qf6 29. Qxf6 Bxf6 30. Rxe8+ Rxe8 31. b5 Rb8 32. b6 h5 33. Rd7 Be5 34. b7 g5 35. Ba7 Re8 36. Rd5 Bb8 37. Bxb8 Rxb8 38. Rxg5+ Kf8 39. Rb5 h4 40. gxh4 Kg7 41. Kg2 1-0


[Site "https://www.chess.com"]

[Event "Titled Tuesday Blitz July 11 Early 2023"]
[White "NLLO777"]
[Black "Grandelius, Nils"]
[BlackFideId "1710400"]
[WhiteElo "2615"]
[BlackElo "2874"]
[Result "1-0"]
[Round "3"]
[TimeControl "180+2"]
[Date "2023.07.11"]
[WhiteClock "0:00:06"]
[BlackClock "0:00:05"]
[Board "23"]

1. Nf3 Nf6 2. g3 c5 3. Bg2 Nc6 4. O-O e5 5. d3 d5 6. c4 Be7 7. Bg5 d4 8. e3 O-O 9. exd4 exd4 10. Nbd2 h6 11. Bxf6 Bxf6 12. Re1 Bf5 13. Ne4 Be7 14. a3 Re8 15. Qb3 Qd7 16. Re2 Bg4 17. Rae1 Bf8 18. h3 Bh5 19. g4 Bg6 20. Qb5 Bxe4 21. Rxe4 Rxe4 22. Rxe4 Rd8 23. Qb3 Bd6 24. Qc2 a6 25. Qe2 b5 26. Nd2 Na5 27. b3 bxc4 28. Nxc4 Nxc4 29. bxc4 Rb8 30. Qe1 Bf8 31. Re2 Qa4 32. Bd5 Qd7 33. Kg2 h5 34. Re4 hxg4 35. hxg4 Rb6 36. Qd2 Rg6 37. Qf4 Bd6 38. Qf3 Rf6 39. Qe2 g6 40. f3 Bc7 41. Re8+ Kg7 42. Qe7 Qd6 43. Qxd6 Bxd6 44. Ra8 Bf4 45. Ra7 g5 46. Kf2 Kg6 47. a4 a5 48. Rxa5 Rb6 49. Rxc5 Rb2+ 50. Kf1 Rb1+ 51. Ke2 Rb2+ 52. Ke1 Rb1+ 53. Ke2 Rb2+ 54. Kd1 Rd2+ 55. Ke1 Rxd3 56. Be4+ 1-0


[Site "https://www.chess.com"]

[Event "Titled Tuesday Blitz July 11 Early 2023"]
[White "Mogirzan, Matei-Valeriu"]
[Black "Galchenko, Matvey"]
[WhiteFideId "1257455"]
[BlackFideId "24175480"]
[WhiteElo "2610"]
[BlackElo "2866"]
[Result "0-1"]
[Round "3"]
[TimeControl "180+2"]
[Date "2023.07.11"]
[WhiteClock "0:00:00"]
[BlackClock "0:00:53"]
[Board "24"]

1. e4 e6 2. d4 d5 3. Nc3 Bb4 4. e5 Ne7 5. Nf3 c5 6. a3 Bxc3+ 7. bxc3 h6 8. Bd3 b6 9. Bb5+ Bd7 10. Bd3 Bc8 11. Bb5+ Bd7 12. Bd3 c4 13. Be2 Ba4 14. O-O Kd7 15. Nd2 Qg8 16. f4 Qh7 17. Ra2 Na6 18. Bf3 Nc7 19. Qe2 Bxc2 20. Qf2 Bd3 21. Re1 b5 22. a4 a5 23. Ba3 Nc6 24. Bd6 b4 25. Rb2 bxc3 26. Rb7 Ra7 27. Rxa7 Nxa7 28. Nf1 Rb8 29. Qa2 Rb3 30. Ne3 c2 31. f5 Bxf5 32. Nxf5 Qxf5 33. Bg4 Rb1 34. Bxf5 Rxe1+ 35. Kf2 c1=Q 36. g3 Qe3+ 37. Kg2 Re2+ 0-1


[Site "https://www.chess.com"]

[Event "Titled Tuesday Blitz July 11 Early 2023"]
[White "Nguyen, Ngoc Truong Son"]
[Black "Goldin, Alexander"]
[WhiteFideId "12401110"]
[BlackFideId "2019540"]
[WhiteElo "2866"]
[BlackElo "2610"]
[Result "1/2-1/2"]
[Round "3"]
[TimeControl "180+2"]
[Date "2023.07.11"]
[WhiteClock "0:00:09"]
[BlackClock "0:00:14"]
[Board "25"]

1. e4 e5 2. Nf3 Nc6 3. Bc4 Be7 4. Nc3 Nf6 5. d3 d6 6. h3 Na5 7. Bb3 c6 8. O-O O-O 9. Re1 Qc7 10. d4 Nxb3 11. axb3 Re8 12. Bg5 h6 13. Bh4 Nh7 14. Bxe7 Qxe7 15. Qd2 Qf6 16. Re3 Nf8 17. Rd1 Ng6 18. Ne2 Be6 19. Qb4 Qe7 20. dxe5 dxe5 21. Qxe7 Rxe7 22. Red3 Ree8 23. Nd2 f6 24. f3 Nf8 25. Nb1 Re7 26. Kf2 Rd7 27. Nbc3 Rad8 28. Rxd7 Rxd7 29. Rxd7 Nxd7 30. Nc1 Kf7 31. h4 h5 32. Nd3 Ke7 33. g3 b6 34. f4 Bg4 35. Ke3 Kd6 36. Nb1 b5 37. b4 c5 38. bxc5+ Nxc5 39. Nxc5 Kxc5 40. Nd2 a5 41. c3 Bd1 42. Kd3 b4 43. cxb4+ Kxb4 44. Ke3 Bc2 45. Ke2 a4 46. Ke3 Kc5 47. Nf3 Kd6 48. fxe5+ fxe5 49. Nd2 Kc5 50. Nf3 Kd6 51. Nd2 Kc5 52. Nf3 Kd6 1/2-1/2


[Site "https://www.chess.com"]

[Event "Titled Tuesday Blitz July 11 Early 2023"]
[White "Maksimovic, Bojan"]
[Black "HamedWafa4"]
[WhiteFideId "14408120"]
[WhiteElo "2849"]
[BlackElo "2609"]
[Result "0-1"]
[Round "3"]
[TimeControl "180+2"]
[Date "2023.07.11"]
[WhiteClock "0:00:18"]
[BlackClock "0:00:12"]
[Board "26"]

1. Nf3 c5 2. g3 Nc6 3. Bg2 g6 4. O-O Bg7 5. c3 d5 6. d3 e6 7. Nbd2 Nge7 8. e4 O-O 9. Re1 dxe4 10. dxe4 e5 11. a4 Be6 12. Bf1 h6 13. Bc4 Bxc4 14. Nxc4 Qc7 15. Be3 Rfd8 16. Qb3 b6 17. a5 Rab8 18. axb6 axb6 19. Qb5 Na7 20. Qa6 Nac8 21. Red1 Nd6 22. Nxd6 Rxd6 23. Rxd6 Qxd6 24. Nd2 Qc6 25. Qa7 Re8 26. f3 Nc8 27. Qa8 Qd7 28. Qd5 Qc7 29. Kf2 Rd8 30. Qa8 h5 31. Nc4 h4 32. g4 b5 33. Qa5 Qd7 34. Na3 Nd6 35. h3 Bf8 36. Kg2 Nc4 37. Nxc4 bxc4 38. Rf1 Rb8 39. Rf2 Qc6 40. Bg5 Ra8 41. Qxa8 Qxa8 42. Bxh4 Bh6 43. Bf6 Bg7 44. Bg5 Qa1 45. Rd2 Kh7 46. Rd7 Qxb2+ 47. Kg3 Qxc3 48. Rxf7 Qe1+ 49. Kg2 Kg8 50. Rc7 Qe2+ 51. Kg3 c3 52. Rxc5 c2 53. Rc8+ Kf7 54. Rc7+ Kg8 55. Rc8+ Bf8 56. Bh6 Kh7 57. Bg5 Bb4 58. Bf6 Be1# 0-1


[Site "https://www.chess.com"]

[Event "Titled Tuesday Blitz July 11 Early 2023"]
[White "Sadykov, Ramil"]
[Black "Sattarov, Bobir"]
[WhiteFideId "24113590"]
[BlackFideId "14203081"]
[WhiteElo "2605"]
[BlackElo "2838"]
[Result "0-1"]
[Round "3"]
[TimeControl "180+2"]
[Date "2023.07.11"]
[WhiteClock "0:00:00"]
[BlackClock "0:00:16"]
[Board "27"]

1. e4 e5 2. Nf3 Nc6 3. Bc4 Bc5 4. O-O d6 5. c3 Qf6 6. b4 Bb6 7. a4 a6 8. a5 Ba7 9. h3 Nge7 10. Na3 Ng6 11. Nc2 O-O 12. Ne3 Nf4 13. Nd5 Nxd5 14. Bxd5 Ne7 15. Bc4 Ng6 16. d4 h6 17. Be3 Nf4 18. Kh2 Re8 19. Re1 Ne6 20. Qd2 Bb8 21. d5 Nf8 22. b5 axb5 23. Bxb5 Re7 24. a6 c5 25. dxc6 bxa6 26. Qe2 d5 27. Bxa6 dxe4 28. Nd2 Qxc6 29. Bxc8 Rxa1 30. Rxa1 Qxc8 31. Nxe4 f5 32. Nd2 Qxc3 33. Rb1 Bc7 34. Bb6 Bxb6 35. Rxb6 e4 36. Rb3 Qe5+ 37. g3 Ne6 38. Nc4 Qd5 39. Ne3 Qxb3 40. Nxf5 Rf7 41. Qxe4 Ng5 42. Qe8+ Kh7 43. g4 Qxh3+ 0-1


[Site "https://www.chess.com"]

[Event "Titled Tuesday Blitz July 11 Early 2023"]
[White "Svane, Frederik"]
[Black "Borgaonkar Akshay"]
[WhiteFideId "12923044"]
[BlackFideId "25639110"]
[WhiteElo "2801"]
[BlackElo "2600"]
[Result "0-1"]
[Round "3"]
[TimeControl "180+2"]
[Date "2023.07.11"]
[WhiteClock "0:00:07"]
[BlackClock "0:00:25"]
[Board "28"]

1. e4 c5 2. Nc3 e6 3. Nge2 a6 4. g3 Nc6 5. Bg2 Qc7 6. O-O h5 7. d4 cxd4 8. Nxd4 Nf6 9. Re1 Nxd4 10. Qxd4 Bc5 11. Bf4 d6 12. Qd2 Ng4 13. Nd1 Ne5 14. Ne3 h4 15. Rad1 h3 16. Bh1 b5 17. b3 Bb7 18. c3 f6 19. Nc2 Ng4 20. Nd4 Qf7 21. f3 Ne5 22. Be3 O-O-O 23. Bf2 g5 24. a4 bxa4 25. bxa4 Nc4 26. Qe2 e5 27. Nf5 Bxf2+ 28. Qxf2 d5 29. exd5 Qc7 30. f4 gxf4 31. Be4 Nd6 32. Nxd6+ Rxd6 33. c4 fxg3 34. hxg3 f5 35. Qxf5+ Kb8 36. Qxe5 Rg8 37. Kh2 Ka8 38. Rc1 Qc5 39. Rf1 Rdd8 40. Qb2 Qe3 41. Qf2 Qxe4 42. Rce1 Qxc4 43. Rc1 Qxd5 44. Rfe1 Qg2+ 45. Qxg2 hxg2 46. Kg1 Rh8 47. Kf2 Rh1 48. Rg1 Rf8+ 49. Ke2 Rxg1 50. Rxg1 Bd5 51. g4 Rf1 52. Rxf1 Bc4+ 53. Ke3 gxf1=Q 54. Kd4 Qd3+ 0-1


[Site "https://www.chess.com"]

[Event "Titled Tuesday Blitz July 11 Early 2023"]
[White "Vakhlamov, Igor L."]
[Black "Shohat, Yotam"]
[WhiteFideId "24126748"]
[BlackFideId "2813955"]
[WhiteElo "2799"]
[BlackElo "2594"]
[Result "1-0"]
[Round "3"]
[TimeControl "180+2"]
[Date "2023.07.11"]
[WhiteClock "0:00:52"]
[BlackClock "0:00:00"]
[Board "29"]

1. e4 c5 2. Nf3 d6 3. Nc3 a6 4. d4 cxd4 5. Qxd4 Nc6 6. Qd3 Nf6 7. Nd5 e6 8. Nxf6+ Qxf6 9. Be2 Qd8 10. O-O Be7 11. Rd1 O-O 12. Bf4 Qb6 13. Rab1 Rd8 14. c3 Qc7 15. h3 b6 16. Nd2 Ne5 17. Qg3 Bb7 18. a4 Rac8 19. Rbc1 Ng6 20. Be3 Bh4 21. Qg4 Bf6 22. Nc4 Ne5 23. Nxe5 Bxe5 24. Rd2 Qc6 25. Bd3 Qxa4 26. Bxb6 Re8 27. Rcd1 g6 28. Be3 h5 29. Qf3 d5 30. exd5 Bxd5 31. Qe2 Bb3 32. Re1 Bc4 33. Bh6 Bf6 34. Qf3 Bg7 35. Bxg7 Kxg7 36. Re4 Qa1+ 37. Rd1 Qa2 38. Rf4 Re7 39. Rd2 Bd5 40. Be4 Qa1+ 41. Kh2 Bxe4 42. Qxe4 Qa5 43. g3 Qc7 44. h4 Rd7 45. Rxd7 Qxd7 46. Qe5+ Kg8 47. Qf6 Rd8 48. Rd4 1-0


[Site "https://www.chess.com"]

[Event "Titled Tuesday Blitz July 11 Early 2023"]
[White "Kozak, Antoni"]
[Black "Vlassov, Nikolai"]
[WhiteFideId "21832030"]
[BlackFideId "4103360"]
[WhiteElo "2794"]
[BlackElo "2585"]
[Result "0-1"]
[Round "3"]
[TimeControl "180+2"]
[Date "2023.07.11"]
[WhiteClock "0:00:06"]
[BlackClock "0:00:39"]
[Board "30"]

1. e4 Nc6 2. Nf3 d5 3. exd5 Qxd5 4. Nc3 Qa5 5. Bb5 Bd7 6. d3 a6 7. Ba4 Nf6 8. Bd2 Qh5 9. h3 b5 10. Bb3 Bg4 11. Rg1 Bxf3 12. Qxf3 Qxf3 13. gxf3 Nd4 14. O-O-O Nxf3 15. Rg3 Nxd2 16. Kxd2 g6 17. Re1 e6 18. a4 c6 19. Ra1 b4 20. Nd1 a5 21. Ne3 Bh6 22. Ke2 Nd5 23. Nc4 Ke7 24. Re1 Bf4 25. Rf3 g5 26. Kf1 h5 27. d4 Bc7 28. Ne5 Bxe5 29. Rxe5 f6 30. Re4 Rhf8 31. Bc4 Kd6 32. Re1 Rae8 33. Bb3 Re7 34. Rg3 Nf4 35. Rf3 h4 36. Rfe3 Kc7 37. Rf3 Rd8 38. c3 bxc3 39. bxc3 Rb8 40. Bc4 Rb2 41. Rfe3 Kd6 42. Rf3 Rc2 43. Rfe3 Nd5 44. Bxd5 cxd5 45. Rf3 f5 46. Rb1 Rc7 47. Re3 R7xc3 48. Rb6+ Rc6 49. Rb5 R2c4 50. Rxa5 Rxd4 51. Ra8 Re4 52. Rb3 Rc1+ 53. Kg2 Rc2 54. a5 Rf4 55. a6 Rcxf2+ 0-1


[Site "https://www.chess.com"]

[Event "Titled Tuesday Blitz July 11 Early 2023"]
[White "Soham Kamotra"]
[Black "Bazeev, German"]
[WhiteFideId "46647490"]
[BlackFideId "24119350"]
[WhiteElo "2584"]
[BlackElo "2789"]
[Result "0-1"]
[Round "3"]
[TimeControl "180+2"]
[Date "2023.07.11"]
[WhiteClock "0:00:13"]
[BlackClock "0:01:04"]
[Board "31"]

1. d4 Nf6 2. Bf4 g6 3. Nc3 d5 4. h3 c6 5. e3 Bg7 6. Bd3 b6 7. Nf3 O-O 8. O-O Bb7 9. e4 dxe4 10. Nxe4 Nbd7 11. c3 c5 12. Qe2 cxd4 13. Rad1 Bxe4 14. Bxe4 Nxe4 15. Qxe4 Nc5 16. Qb1 Ne6 17. Be3 dxe3 18. Rxd8 exf2+ 19. Kxf2 Raxd8 20. Rd1 Nc5 21. Ke2 e5 22. b4 Ne6 23. Rxd8 Rxd8 24. g3 Bh6 25. Nxe5 Rd2+ 26. Kf1 Bg7 27. Qe4 Bxe5 28. Qxe5 Rxa2 29. h4 h5 30. Ke1 a5 31. Qb8+ Kg7 32. Qxb6 a4 33. Qa7 a3 34. b5 Ra1+ 35. Kd2 a2 36. Kd3 Rd1+ 37. Kc4 a1=Q 38. Qxa1 Rxa1 39. Kd5 Nc7+ 40. Kc6 Nxb5 41. Kxb5 Rg1 42. c4 Rxg3 43. c5 Rg1 44. c6 Rc1 0-1


[Site "https://www.chess.com"]

[Event "Titled Tuesday Blitz July 11 Early 2023"]
[White "Borrmann, Laurenz"]
[Black "Bachmann, Axel"]
[WhiteFideId "312187930"]
[BlackFideId "3700488"]
[WhiteElo "2582"]
[BlackElo "2787"]
[Result "0-1"]
[Round "3"]
[TimeControl "180+2"]
[Date "2023.07.11"]
[WhiteClock "0:00:33"]
[BlackClock "0:01:05"]
[Board "32"]

1. d4 Nf6 2. c4 e6 3. Nf3 Bb4+ 4. Nbd2 O-O 5. a3 Be7 6. e4 d6 7. Be2 e5 8. dxe5 dxe5 9. Nxe5 Re8 10. O-O Na6 11. b4 Qd4 12. Nef3 Qxa1 13. Qb3 Nxb4 14. Bb2 Qa2 15. Qc3 Nc2 16. c5 Nxa3 17. Nc4 Nxc4 18. Bxc4 Qa4 19. Ng5 Be6 20. Nxe6 fxe6 21. Bxe6+ Kh8 22. e5 Ne4 23. Qh3 Rf8 24. Bf5 Ng5 25. Qd3 Rad8 26. Qb1 Qf4 27. g4 Nf3+ 28. Kg2 Nh4+ 29. Kg1 Rxf5 0-1


[Site "https://www.chess.com"]

[Event "Titled Tuesday Blitz July 11 Early 2023"]
[White "Maximov, Dmitry"]
[Black "Girya, Olga"]
[WhiteFideId "14105659"]
[BlackFideId "4195752"]
[WhiteElo "2777"]
[BlackElo "2580"]
[Result "1-0"]
[Round "3"]
[TimeControl "180+2"]
[Date "2023.07.11"]
[WhiteClock "0:00:18"]
[BlackClock "0:00:00"]
[Board "33"]

1. e4 e5 2. Nf3 Nc6 3. Bb5 a6 4. Ba4 Nf6 5. O-O Nxe4 6. d4 b5 7. Bb3 d5 8. dxe5 Be6 9. Nbd2 Be7 10. Qe2 Nc5 11. Re1 O-O 12. h3 d4 13. Bxe6 fxe6 14. Ne4 Qd5 15. a3 Rad8 16. Nxc5 Bxc5 17. Qd3 Rf5 18. Bd2 Nxe5 19. Nxe5 Rxe5 20. Rxe5 Qxe5 21. Re1 Qd5 22. Re4 Be7 23. h4 c5 24. Qe2 d3 25. cxd3 Qxd3 26. Qg4 Rd6 27. Rxe6 Rxe6 28. Qxe6+ Kf8 29. Bf4 Qd1+ 30. Kh2 Qc2 31. Qxa6 1-0


[Site "https://www.chess.com"]

[Event "Titled Tuesday Blitz July 11 Early 2023"]
[White "Remizov, Yaroslav"]
[Black "Thecourseoisildur"]
[WhiteFideId "34134015"]
[WhiteElo "2769"]
[BlackElo "2572"]
[Result "1-0"]
[Round "3"]
[TimeControl "180+2"]
[Date "2023.07.11"]
[WhiteClock "0:02:22"]
[BlackClock "0:00:24"]
[Board "34"]

1. e4 c5 2. Nc3 Nc6 3. Bb5 Nd4 4. Bc4 e6 5. Nf3 Ne7 6. Nxd4 cxd4 7. Ne2 Nc6 8. O-O a6 9. d3 b5 10. Bb3 Bb7 11. f4 Be7 12. c3 Bc5 13. Kh1 O-O 14. Qe1 Kh8 15. f5 f6 16. Qh4 exf5 17. Rxf5 Qe7 18. Qxh7+ Kxh7 19. Rh5+ Kg6 20. Nf4# 1-0


[Site "https://www.chess.com"]

[Event "Titled Tuesday Blitz July 11 Early 2023"]
[White "Ambartsumova, Karina"]
[Black "Gorovets, Andrey"]
[WhiteFideId "4166299"]
[BlackFideId "13504037"]
[WhiteElo "2566"]
[BlackElo "2765"]
[Result "0-1"]
[Round "3"]
[TimeControl "180+2"]
[Date "2023.07.11"]
[WhiteClock "0:00:01"]
[BlackClock "0:01:00"]
[Board "35"]

1. c4 g6 2. Nc3 Bg7 3. g3 c5 4. Bg2 Nc6 5. Nf3 d6 6. O-O e6 7. e3 Nge7 8. a3 O-O 9. Rb1 b6 10. b4 Bb7 11. Qe2 Qd7 12. Rd1 e5 13. b5 Na5 14. e4 f5 15. d3 h6 16. Ne1 f4 17. Bf3 Bc8 18. Ng2 g5 19. Bh5 Qh3 20. Nd5 Nxd5 21. cxd5 f3 22. Bxf3 g4 23. Nf4 gxf3 0-1


[Site "https://www.chess.com"]

[Event "Titled Tuesday Blitz July 11 Early 2023"]
[White "Boruchovsky, Avital"]
[Black "Rodchenkov, Sergey D."]
[WhiteFideId "2800055"]
[BlackFideId "4168712"]
[WhiteElo "2759"]
[BlackElo "2563"]
[Result "0-1"]
[Round "3"]
[TimeControl "180+2"]
[Date "2023.07.11"]
[WhiteClock "0:00:00"]
[BlackClock "0:00:19"]
[Board "36"]

1. d4 d5 2. Nc3 Nf6 3. Bf4 c5 4. e3 cxd4 5. exd4 Bg4 6. Nf3 a6 7. h3 Bxf3 8. Qxf3 Nc6 9. Qd3 e6 10. a3 Qb6 11. O-O-O Rc8 12. Be2 Na5 13. Na4 Qc6 14. Nc5 Bxc5 15. dxc5 Qxc5 16. Be3 Qc6 17. Bd4 Nc4 18. g4 e5 19. Bc3 d4 20. Bb4 b5 21. Bf3 Qc7 22. g5 Nd7 23. Bd5 Ndb6 24. Bxc4 Nxc4 25. b3 a5 26. bxc4 axb4 27. axb4 bxc4 0-1


[Site "https://www.chess.com"]